 Dungeon Sprint DCSS version 0.31.0-9-g3a7656b989 (webtiles) character file.

Game seed: 4799169127444202907

22374 Heoruswealwe the Phalangite (level 12, -20/132 HPs)
             Began as a Minotaur Fighter on Feb 3, 2024.
             Was an Initiate of Gozag.
             Demolished by a death yak (28 damage)
             ... summoned by a spriggan berserker
             ... in the Dungeon (Sprint IX: "|||||||||||||||||||||||||||||").
             The game lasted 00:31:01 (3424 turns).

Heoruswealwe the Phalangite (Minotaur Fighter)      Turns: 3424, Time: 00:31:02

Health: -20/132    AC: 29    Str: 30    XL:     12   Next: 62%
Magic:  0/11       EV:  9    Int: 11    God:    Gozag
Gold:   1338       SH:  0    Dex:  7    Spells: 11/11 levels left

rFire   + . .        b - +6 glaive (venom)
rCold   . . .        (shield currently unavailable)
rNeg    + + +        c - +0 plate armour of the Dungeon {rF+ rN++ Regen+ Dex-4}
rPois   .            g - +1 hat {Int+3}
rElec   .            h - +1 cloak
rCorr   .            f - +0 pair of gloves {infuse}
SInv    +            e - +1 pair of boots {Stlth+}
Will    .....        j - macabre finger necklace {Finger+ rN+} Stlth
                     l - +2 ring of protection
HPRegen 1.22/turn    k - ring of Ydiurott {Str+5 Int+3 SInv}
MPRegen 0.12/turn    (no ring)

%: no teleportation
@: gold aura
A: horns 2, retaliatory headbutt
a: Renounce Religion, Potion Petition, Call Merchant, Bribe Branch


You were in the Dungeon.
You worshipped Gozag.
Gozag was most pleased with you.
You visited 1 branch You collected 9962 gold pieces.
You spent 2789 gold pieces at shops.
You paid 5835 gold pieces to Gozag.

Inventory:

Hand Weapons
 a - a +0 trident
 b - a +6 glaive of venom (weapon)
Armour
 c - the +0 plate armour of the Dungeon (worn) {rF+ rN++ Regen+ Dex-4}
   (You found it in the Dungeon)

   Dex-4:     It affects your dexterity (-4).
   rF+:       It protects you from fire.
   rN++:      It greatly protects you from negative energy.
   Regen+:    It increases your rate of health regeneration.
 d - a +0 buckler
 e - a +1 pair of boots of stealth (worn)
 f - a +0 pair of gloves of infusion (worn)
 g - a +1 hat of intelligence (worn)
 h - a +1 cloak (worn)
Jewellery
 j - the macabre finger necklace (around neck) {Finger+ rN+}
   (You bought it in a shop in the Dungeon)

   [amulet of nothing]

   Finger+:   It enables you to equip an extra ring.
   rN+:       It protects you from negative energy.
 k - the ring of Ydiurott (right hand) {Str+5 Int+3 SInv}
   (You bought it in a shop in the Dungeon)

   [ring of see invisible]

   Str+5:     It affects your strength (+5).
   Int+3:     It affects your intelligence (+3).
   SInv:      It lets you see invisible.
 l - a +2 ring of protection (left hand)
Wands
 i - a wand of light (20)
Scrolls
 o - 3 scrolls of identify
 p - 4 scrolls of enchant weapon
 s - 3 scrolls of enchant armour
 w - a scroll of brand weapon
 z - a scroll of blinking
Potions
 m - 2 potions of might
 n - 3 potions of mutation
 q - 2 potions of heal wounds
 r - 2 potions of haste
 t - a potion of berserk rage
 y - 5 potions of curing


   Skills:
 + Level 19.9 Fighting
 * Level 26.7 Polearms
 + Level 19.9 Armour
 - Level 3.6 Shields


You had 11 spell levels left.
You didn't know any spells.
Your spell library contained the following spells:

 Spells                   Type           Power      Damage    Failure   Level
 Lesser Beckoning         Tloc           0%         N/A       91%         2
 Gell's Gravitas          Tloc           0%         N/A       99%         3
 Teleport Other           Tloc           0%         N/A       99%         3


Dungeon Overview and Level Annotations

Branches:
Dungeon (1/1)

Altars:
Cheibriados
Dithmenos
Elyvilon
Fedhas
Gozag
Hepliaklqana
Kikubaaqudgha
Makhleb
Nemelex Xobeh
Okawaru
Qazlal
Ru
Sif Muna
Trog
Uskayaw
Vehumet
Wu Jian
Xom
Yredelemnul
Zin
The Shining One
Jiyva
Lugonu

Shops:
D [((=(*=**(


Innate Abilities, Weirdness & Mutations

You have a pair of horns on your head.
You reflexively headbutt those who attack you in melee.


Message History

The stone giant is heavily wounded.
The stone giant closely misses you. You furiously retaliate!
You headbutt the stone giant! You slash the stone giant!
The stone giant looks as sick as possible!
The stone giant is severely wounded.
The spriggan berserker is distracted by your dazzling golden aura.
You hit the stone giant.
The stone giant looks as sick as possible!
You headbutt the stone giant, but do no damage.
The stone giant is almost dead.
The stone giant hits you!!
* * * LOW HITPOINT WARNING * * *
You slash the stone giant!
You kill the stone giant!
Okay, then.
You feel much better. The death yak gores you. The death yak gores you!!
* * * LOW HITPOINT WARNING * * *
You feel much better.
The spriggan berserker is no longer distracted by gold.
The death yak gores you but does no damage.
You slice the death yak like a ripe choko!!!
The death yak looks as sick as possible!
You headbutt the death yak!
The death yak is heavily wounded.
The death yak gores you but does no damage.
You slice the death yak!!
The death yak looks as sick as possible!
You headbutt the death yak!
The death yak is severely wounded.
The death yak gores you but does no damage.
You slash the death yak!
The death yak looks as sick as possible!
The death yak is almost dead.
The death yak gores you!!
* * * LOW HITPOINT WARNING * * *
The death yak is distracted by your dazzling golden aura.
The death yak gores you!!
You die...
Your body crumbles into a pile of gold.

▓▓▓▓▓▓▓▓▓▓▓▓▓▓▓▓▓▓▓▓▓▓▓▓
+...iYY@........')......
▓▓▓▓▓▓▓▓▓▓▓▓▓▓▓▓▓▓▓▓▓▓▓▓▓▓▓▓▓▓▓▓▓
.................................
.▓▓▓▓▓▓▓▓▓▓▓▓▓▓▓▓▓▓▓▓▓▓▓▓▓▓▓▓▓▓▓▓
...∩.∩.∩.'.∩.∩.∩.∩.∩.∩...[['.....
▓▓▓▓▓▓▓▓▓▓▓▓▓▓▓▓▓▓▓▓▓▓▓▓▓▓▓▓▓▓▓▓▓
.........[.......)...............
.▓▓▓▓▓▓▓▓▓▓▓▓▓▓▓▓▓▓▓▓▓▓▓▓▓▓▓▓▓▓▓▓
....'....[[..'..[(........'......


You could see 2 death yaks and a spriggan berserker (regenerating,
strong-willed).

Vanquished Creatures
  Gastronok (D)
  A frost giant (D)
  A very ugly thing (D)
  A stone giant (D)
  A vampire knight (D)
  An ettin (D)
  A rakshasa (D)
  A hydra (D)
  3 death yaks (D)
  3 centaur warriors (D)
  A deep troll shaman (D)
  An orc high priest (D)
  A flayed ghost (D)
  A lindwurm (D)
  An orc knight (D)
  6 orc sorcerers (D)
  A deep elf pyromancer (D)
  Maurice (D)
  2 cyclopes (D)
  An elephant (D)
  A rime drake (D)
  A kobold demonologist (D)
  2 komodo dragons (D)
  4 trolls (D)
  A polar bear (shapeshifter) (D)
  A shadow (D)
  3 wyverns (D)
  2 basilisks (D)
  A yak (D)
  Grum (D)
  2 vampire mosquitoes (D)
  3 hell hounds (D)
  2 water moccasins (D)
  9 orc warriors (D)
  A boggart (D)
  8 wolves (D)
  2 phantoms (D)
  A bullfrog (D)
  3 orc priests (D)
  11 orc wizards (D)
  A hell rat (D)
  An adder (D)
  A shadow imp (D)
  8 orcs (D)
  A ball python (D)
  A bat (D)
  An endoplasm (D)
  A goblin (D)
  A rat (D)
105 creatures vanquished.

Notes
Turn   | Place    | Note
-------+----------+-------------------------------------------
     0 | D        | Heoruswealwe the Minotaur Fighter began the quest for the
                  | Orb.
     0 | D        | Reached XP level 1. HP: 19/19 MP: 0/0
     7 | D        | Reached skill level 3 in Polearms
    17 | D        | Noticed a phantom
    17 | D        | Noticed a phantom
    21 | D        | Reached skill level 4 in Polearms
    21 | D        | Reached XP level 2. HP: 25/28 MP: 1/1
    31 | D        | Killed a phantom
    32 | D        | Reached skill level 7 in Polearms
    32 | D        | Reached XP level 3. HP: 22/37 MP: 2/2
    32 | D        | Reached XP level 4. HP: 27/44 MP: 3/3
    54 | D        | Killed a phantom
    55 | D        | Reached skill level 9 in Polearms
    55 | D        | Reached XP level 5. HP: 24/52 MP: 4/4
    60 | D        | Found a snail-covered altar of Cheibriados.
    60 | D        | Found a shadowy altar of Dithmenos.
    60 | D        | Found a white marble altar of Elyvilon.
    60 | D        | Found a blossoming altar of Fedhas.
    60 | D        | Found an opulent altar of Gozag.
    61 | D        | Found a hazy altar of Hepliaklqana.
    62 | D        | Found a viscous altar of Jiyva.
    63 | D        | Found an ancient bone altar of Kikubaaqudgha.
    64 | D        | Found a corrupted altar of Lugonu.
    65 | D        | Found a burning altar of Makhleb.
    66 | D        | Found a sparkling altar of Nemelex Xobeh.
    67 | D        | Found an iron altar of Okawaru.
    68 | D        | Became a worshipper of Gozag Ym Sagoz the Greedy
    69 | D        | Found a stormy altar of Qazlal.
    70 | D        | Found a sacrificial altar of Ru.
    71 | D        | Found a shimmering blue altar of Sif Muna.
    72 | D        | Found a bloodstained altar of Trog.
    73 | D        | Found a hide-covered altar of Uskayaw.
    74 | D        | Found a radiant altar of Vehumet.
    75 | D        | Found an ornate altar of the Wu Jian Council.
    76 | D        | Found a shimmering altar of Xom.
    77 | D        | Found a basalt altar of Yredelemnul.
    78 | D        | Found a glowing silver altar of Zin.
    79 | D        | Found a glowing golden altar of the Shining One.
   157 | D        | Noticed a wyvern
   157 | D        | Noticed a shadow
   157 | D        | Noticed a troll
   157 | D        | Noticed a troll
   157 | D        | Noticed a troll
   163 | D        | Killed a troll
   164 | D        | Reached skill level 12 in Polearms
   164 | D        | Reached XP level 6. HP: 49/63 MP: 5/5
   170 | D        | Killed a troll
   171 | D        | Reached skill level 10 in Fighting
   171 | D        | Reached skill level 13 in Polearms
   171 | D        | Reached skill level 10 in Armour
   171 | D        | Reached XP level 7. HP: 39/72 MP: 6/6
   175 | D        | Killed a troll
   176 | D        | Reached skill level 14 in Polearms
   177 | D        | Killed a shadow
   181 | D        | Killed a wyvern
   182 | D        | Reached skill level 15 in Polearms
   182 | D        | Reached XP level 8. HP: 32/82 MP: 7/7
   331 | D        | Noticed a cyclops
   331 | D        | Noticed a polar bear
   331 | D        | Noticed a cyclops
   331 | D        | Noticed a troll
   331 | D        | Noticed a kobold demonologist
   338 | D        | Noticed a hellwing
   341 | D        | Killed a kobold demonologist
   347 | D        | Killed a troll
   348 | D        | Reached skill level 16 in Polearms
   353 | D        | Killed a cyclops
   354 | D        | Reached XP level 9. HP: 45/92 MP: 8/8
   355 | D        | Reached skill level 17 in Polearms
   360 | D        | Killed a polar bear
   364 | D        | Killed a cyclops
   365 | D        | Reached skill level 18 in Polearms
   649 | D        | Noticed a death yak
   652 | D        | Noticed a death yak
   667 | D        | Killed a death yak
   668 | D        | Reached skill level 19 in Polearms
   680 | D        | Killed a death yak
   681 | D        | Reached XP level 10. HP: 63/104 MP: 9/9
   850 | D        | Noticed a death yak
   850 | D        | Noticed a lindwurm
   850 | D        | Noticed an elephant
   851 | D        | Noticed a six-headed hydra
   854 | D        | Killed an elephant
   855 | D        | Reached skill level 15 in Fighting
   855 | D        | Reached skill level 20 in Polearms
   855 | D        | Reached skill level 15 in Armour
   864 | D        | Killed a lindwurm
   871 | D        | Killed a death yak
  1106 | D        | Reached skill level 21 in Polearms
  1114 | D        | Killed an 11-headed hydra
  1353 | D        | Reached XP level 11. HP: 105/114 MP: 10/10
  1362 | D        | Reached skill level 22 in Polearms
  1436 | D        | Noticed Maurice
  1452 | D        | Killed Maurice
  1531 | D        | Noticed Gastronok
  1536 | D        | Noticed Grum
  1550 | D        | Killed Gastronok
  1555 | D        | Killed Grum
  1860 | D        | Reached skill level 23 in Polearms
  2052 | D        | Noticed an orc high priest
  2052 | D        | Noticed an ettin
  2071 | D        | Killed an ettin
  2092 | D        | Killed an orc high priest
  2098 | D        | Noticed an orc knight
  2124 | D        | Killed an orc knight
  2425 | D        | Found Ruihim's General Store.
  2425 | D        | Noticed an orc sorcerer
  2425 | D        | Noticed an orc sorcerer
  2426 | D        | Noticed an orc sorcerer
  2443 | D        | Killed an orc sorcerer
  2444 | D        | Reached skill level 24 in Polearms
  2444 | D        | Noticed a sun demon
  2456 | D        | Killed an orc sorcerer
  2465 | D        | Killed an orc sorcerer
  2705 | D        | Found Yteda's Assorted Antiques.
  2711 | D        | Found Zipacrya's Jewellery Boutique.
  2713 | D        | Noticed an orc sorcerer
  2727 | D        | Killed an orc sorcerer
  2731 | D        | Noticed an orc sorcerer
  2737 | D        | Noticed an orc sorcerer
  2742 | D        | Killed an orc sorcerer
  2751 | D        | Killed an orc sorcerer
  2758 | D        | Found Ladiehov's Assorted Antiques.
  2833 | D        | Bought a potion of curing for 39 gold pieces
  2833 | D        | Bought a scroll of enchant armour for 97 gold pieces
  2833 | D        | Bought a potion of enlightenment for 65 gold pieces
  2833 | D        | Bought a scroll of identify for 26 gold pieces
  2833 | D        | Bought a potion of attraction for 39 gold pieces
  2835 | D        | Bought a scroll labelled ZUMADU HIDUMUFRU for 25 gold
                  | pieces
  2839 | D        | Bought a scroll labelled UGABA GOWUN for 23 gold pieces
  2839 | D        | Bought a potion of heal wounds for 115 gold pieces
  2839 | D        | Bought a potion of mutation for 184 gold pieces
  2839 | D        | Bought a potion of haste for 230 gold pieces
  2844 | D        | Bought a +6 glaive of venom for 597 gold pieces
  2849 | D        | Bought the macabre finger necklace {Finger+ rN+} for 480
                  | gold pieces
  2849 | D        | Found the macabre finger necklace {Finger+ rN+}
  2849 | D        | Bought the ring of Ydiurott {Str+5 Int+3 SInv} for 465 gold
                  | pieces
  2866 | D        | Bought a pair of runed boots for 202 gold pieces
  2866 | D        | Bought a pair of embroidered gloves for 202 gold pieces
  3192 | D        | Got the +0 plate armour of the Dungeon {rF+ rN++ Regen+
                  | Dex-4}
  3238 | D        | Noticed a rakshasa
  3238 | D        | Noticed a centaur warrior
  3238 | D        | Noticed a deep elf pyromancer
  3238 | D        | Noticed a centaur warrior
  3243 | D        | Killed a centaur warrior
  3244 | D        | Reached skill level 25 in Polearms
  3244 | D        | Reached XP level 12. HP: 124/128 MP: 6/11
  3252 | D        | Noticed a centaur warrior
  3259 | D        | Noticed a cyan very ugly thing
  3264 | D        | Killed a centaur warrior
  3270 | D        | Killed a rakshasa
  3272 | D        | Noticed a vampire knight
  3275 | D        | Killed a cyan very ugly thing
  3279 | D        | Killed a centaur warrior
  3286 | D        | Killed a vampire knight
  3287 | D        | Reached skill level 26 in Polearms
  3294 | D        | Noticed a deep troll shaman
  3303 | D        | Killed a deep troll shaman
  3400 | D        | Noticed a frost giant
  3401 | D        | Noticed a stone giant
  3404 | D        | Noticed a death yak
  3405 | D        | Noticed a death yak
  3413 | D        | Killed a frost giant
  3419 | D        | Killed a stone giant
  3424 | D        | Demolished by a death yak

Illustrated notes

Levels and vault maps discovered:
D:        linesprint [early_d, line_temple, items_1, d_10, items_2, lair_1,
          lair_end, items_3, orc_1, orc_end, items_4, d_15, swamp_1, shoals_1,
          snake_1, spider_1, d_20, vaults_1, items_5, swamp_end, shoals_end,
          snake_end, spider_end, vaults_end, d_27, items_6, zot_1, zot_end,
          crypt_end, forest_end, elf_end, slime_end, tomb_end, abyss_end,
          pan_hell_end]

Skill      XL: |  1  2  3  4  5  6  7  8  9 10 11 12 |
---------------+-------------------------------------+-----
Polearms       | 4 7 9 12 13 15 16 19 21 25 26 | 26.7
Fighting       | 4 6 7 9 10 11 12 14 16 18 19 | 19.9
Armour         | 4 6 7 9 10 11 12 14 16 18 19 | 19.9
Shields        | |  3.6

Action                     |  1- 3 |  4- 6 |  7- 9 | 10-12 || total
---------------------------+-------+-------+-------+-------++-------
  Melee: Trident           |    20 |    23 |       |       ||    43
         Headbutt          |     5 |     6 |    14 |    66 ||    91
         Halberd           |       |    13 |    74 |   260 ||   347
         Glaive            |       |       |       |    60 ||    60
 Invoke: Call Merchant     |       |       |       |     6 ||     6
    Use: Potion            |       |       |     1 |    13 ||    14
         Scroll            |       |       |       |     3 ||     3
   Stab: Distracted        |       |       |       |     1 ||     1
 Armour: Scale mail        |     8 |    10 |       |       ||    18
         Chain mail        |       |    15 |    45 |   136 ||   196
         Plate armour      |       |       |       |    94 ||    94
  Dodge: Dodged            |     8 |    14 |    16 |    64 ||   102
  Block: Buckler           |     3 |     4 |       |       ||     7
